 Dungeon Crawl Stone Soup version 0.27-a0-1497-gf8f22f7954 (webtiles) character file.

Game seed: 3008111683582861895

8194 Lekart the Basher (level 11, -2/92 HPs)
             Began as a Grey Draconian Chaos Knight on July 7, 2021.
             Was a Plaything of Xom.
             Slain by an ice devil (7 damage)
             ... summoned by an orc high priest
             ... on level 1 of the Orcish Mines.
             The game lasted 00:15:34 (11714 turns).

Lekart the Basher (Grey Draconian Chaos Knight)    Turns: 11714, Time: 00:15:34

Health: -2/92      AC:  2    Str: 20    XL:     11   Next: 6%
Magic:  22/22      EV: 13    Int: 13    God:    Xom [......]
Gold:   935        SH: 11    Dex: 16    Spells: 16/22 levels left

rFire    + + .     SeeInvis .   n - +6 flail "Byod Corass" {protect, rC+ Str+4 Dex-2 Stlth+}
rCold    + . .     Faith    .   k - +1 kite shield {AC+3}
rNeg     . . .     Spirit   .   (armour unavailable)
rPois    .         Reflect  .   (helmet restricted)
rElec    .         Harm     .   (no cloak)
rCorr    .         Rampage  .   (no gloves)
Will     .....     Clarity  +   (no boots)
Stlth    ++++......             (no amulet)
HPRegen  0.25/turn              (no ring)
MPRegen  0.18/turn              (no ring)

@: corroded, under a protective aura
A: AC +12, amphibious, unfitting armour, cold-blooded, hooves 1, stinger 1, thin
skeletal structure 2, agile 1, clarity, fire resistance 2, high mp 1, passive
freeze, wild magic 2
a: Renounce Religion


You were on level 1 of the Orcish Mines.
You worshipped Xom.
You were a very special plaything of Xom.
You visited 2 branches of the dungeon, and saw 12 of its levels.
You visited the Abyss 1 time.

You collected 935 gold pieces.

Inventory:

Hand Weapons
 a - a +0 falchion of chaos
 c - a +2 short sword of freezing
 n - the +6 flail "Byod Corass" (weapon) {protect, rC+ Str+4 Dex-2 Stlth+}
   (You found it on level 6 of the Dungeon)

   It grants its wielder temporary protection when it strikes (+7 to AC).
   Str:       It affects your strength (+4).
   Dex:       It affects your dexterity (-2).
   rC:        It protects you from cold.
   Stlth:     It makes you more stealthy.
 q - a +5 short sword
Missiles
 r - a curare-tipped dart (quivered)
Armour
 k - a +1 kite shield of protection (worn)
Jewellery
 g - a ring of see invisible
 u - a ring of ice
Wands
 o - a wand of digging (1)
Scrolls
 f - 3 scrolls of fog
 h - 4 scrolls of teleportation
 i - a scroll of silence {unknown}
 l - 8 scrolls of identify
 m - a scroll of amnesia
 s - a scroll of magic mapping
 v - a scroll of brand weapon {unknown}
Potions
 b - 4 potions of curing
 e - a potion of berserk rage {unknown}
 j - a potion of flight
 p - a potion of mutation {unknown}
 w - a potion of resistance {unknown}
 x - a potion of brilliance {unknown}


   Skills:
 + Level 7.6 Fighting
 + Level 6.1(6.6) Short Blades
 + Level 3.8(5.5) Long Blades
 + Level 8.6 Maces & Flails
 + Level 6.8 Dodging
 * Level 3.9 Shields
 * Level 6.4 Spellcasting
 * Level 2.5 Transmutations
 * Level 3.2 Earth Magic
 + Level 0.8 Evocations


You had 16 spell levels left.
You knew the following spells:

 Your Spells              Type           Power      Damage    Failure   Level
a - Statue Form           Tmut/Erth      12%        N/A       100%        6

Your spell library contained the following spells:

 Spells                   Type           Power      Damage    Failure   Level
 Petrify                  Tmut/Erth      18%        N/A       96%         4
 Metabolic Englaciation   Hex/Ice        3%         N/A       100%        5


Dungeon Overview and Level Annotations

Branches:
Dungeon (10/15)            Temple (0/1) D:6            Lair (0/6) D:9
    Orc (2/2) D:9
    Elf: Orc:2

Altars:
Dithmenos
Elyvilon
Gozag
Kikubaaqudgha
Trog
Xom
Zin
Beogh

Shops:
D:5 :   D:7 *   Orc:1 :

Annotations:
D:9 3 runed translucent doors, exclusion: obsidian statue, UristMcRaven's ghost, novice OpCj


Innate Abilities, Weirdness & Mutations

Your dull iron-grey scales are very hard. (AC +12)
You are amphibious.
You cannot fit into any form of body armour.
You are cold-blooded and may be slowed by cold attacks.
You have large cloven feet.
Your tail ends in a poisonous barb.
You have a moderately thin skeletal structure. (Dex +4, Stealth++)
You are agile. (Dex +2)
You possess an exceptional clarity of mind.
Your flesh is very heat resistant. (rF++)
You have an increased reservoir of magic. (+10% MP)
A frigid envelope surrounds you and freezes all who hurt you.
Your spells are harder to cast, but more powerful.


Message History

The red devil hits you but does no damage.
You hit the orc high priest.
You kick the orc high priest, but do no damage.
The orc high priest is heavily wounded.
You block the ice devil's attack. The rust devil hits you.
The rust devil corrodes you!
The rust devil resists.
The rust devil is very cold.
The rust devil is moderately wounded.
The orc high priest hits you with a +0 dire flail.
The orc high priest is very cold.
The orc high priest is severely wounded.
The red devil hits you from afar with a +0 trident!
You closely miss the orc high priest.
You kick the orc high priest, but do no damage.
Your tail-slap misses the orc high priest.
The orc high priest is severely wounded.
The ice devil hits you but does no damage.
You block the rust devil's attack.
The orc high priest hits you with a +0 dire flail.
The orc high priest is very cold.
The orc high priest is severely wounded.
The red devil hits you from afar with a +0 trident!
You block the ice devil's attack. The rust devil hits you!
* * * LOW HITPOINT WARNING * * *
The rust devil corrodes you!
The rust devil resists.
The rust devil is very cold.
The rust devil is moderately wounded.
You hit the orc high priest but do no damage.
You kick the orc high priest, but do no damage.
The orc high priest is severely wounded.
Xom opens a gate.
The orc high priest hits you with a +0 dire flail!
* * * LOW HITPOINT WARNING * * *
The orc high priest is very cold.
The orc high priest is almost dead.
You block the red devil's attack. The ice devil hits you!
* * * LOW HITPOINT WARNING * * *
The ice devil freezes you! You resist.
You die...
Xom snickers!

###### ##.#####.##
########.##.###....##...#
####..#.#.......#..........#
#.#........................###
...#....#....................##
........##....................#
#......#####.....#4..#.....#.##
##......#......4o4.........###
#..............4@...........#
##.........#...............##
#......##...................#
......####..................#
##....# ###.................#
###..####.##.##.............#
####.#...##.#............#####
#.....#....#..........####.##
##..................##.##...#


You could see an orc high priest (ally target), an ice devil (summoned), a rust
devil (summoned), a red devil (summoned) and a friendly ice devil (summoned).

Vanquished Creatures
  Snorg (D:10)
  A boulder beetle (D:7)
  An ugly thing (D:7)
  2 shadows
  A wraith (D:7)
  A steam dragon (D:7)
  An acid dragon (D:7)
  A warg (Orc:1)
  6 water moccasins
  3 sky beasts
  2 ice beasts
  A hornet zombie (D:7)
  7 orc warriors
  2 necrophages (D:7)
  3 ogres
  A phantom (D:5)
  5 centaurs
  A kobold brigand (D:7)
  3 bullfrogs
  A water moccasin zombie (D:6)
  A scorpion (D:7)
  A wyvern zombie (D:7)
  8 killer bees
  A wight (D:7)
  A howler monkey (D:7)
  2 centaur zombies
  3 centaur skeletons
  8 orc priests
  5 hounds
  A jelly (D:6)
  A bullfrog skeleton (D:4)
  4 iguanas
  Jessica (D:3)
  6 orc wizards
  A hound skeleton (D:5)
  2 gnolls (D:4)
  7 adders
  A white imp (D:5)
  An ufetubus (D:7)
  An adder skeleton (D:4)
  2 worms
  2 dart slugs
  42 orcs
  6 bats
  6 endoplasms
  4 giant cockroaches
  6 hobgoblins
  9 jackals
  6 quokkas
  6 ball pythons
  4 frilled lizards
  15 goblins
  10 kobolds
  5 rats
223 creatures vanquished.

Vanquished Creatures (collateral kills)
  A deep elf pyromancer (D:7)
  An orc warrior (D:7)
  An orc priest (Orc:1)
  An orc wizard (Orc:1)
  Robin (D:2)
  A gnoll (D:4)
  3 orcs
9 creatures vanquished.

Vanquished Creatures (others)
  A deep elf pyromancer (D:10)
  A gnoll (D:4)
  2 fungi (D:9)
  5 plants (D:9)
9 creatures vanquished.

Grand Total: 241 creatures vanquished

Notes
Turn   | Place    | Note
-------+----------+-------------------------------------------
     0 | D:1      | Lekart the Draconian Chaos Knight began the quest for the
                  | Orb.
     0 | D:1      | Reached XP level 1. HP: 19/19 MP: 1/1
   326 | D:1      | Reached XP level 2. HP: 26/26 MP: 2/2
   354 | D:1      | XOM: divination: magic mapping
   669 | D:1      | XOM: 3-stop teleportation journey
   980 | D:1      | XOM: divination: detect creatures
  1063 | D:2      | Noticed Robin
  1066 | D:2      | XOM: divination: detect items
  1154 | D:1      | XOM: cloud trail
  1161 | D:1      | Reached XP level 3. HP: 27/33 MP: 4/4
  1278 | D:1      | XOM: god gift: wand of charming (6)
  1287 | D:2      | Killed Robin
  1331 | D:2      | XOM: give mutations
  1331 | D:2      | Gained mutation: You have large cloven feet. [Xom's grace]
  1331 | D:2      | Gained mutation: Your spells are a little harder to cast,
                  | but a little more powerful. [Xom's grace]
  1331 | D:2      | Gained mutation: You possess an exceptional clarity of
                  | mind. [Xom's grace]
  1331 | D:2      | Gained mutation: Your flesh is heat resistant. (rF+) [Xom's
                  | grace]
  1500 | D:2      | Reached skill level 1 in Spellcasting
  1752 | D:2      | XOM: god gift: 51 gold pieces
  1766 | D:2      | Reached XP level 4. HP: 29/40 MP: 5/5
  2154 | D:2      | XOM: god gift: scroll labelled RUTZOITERU {god gift}
  2460 | D:3      | Found an opulent altar of Gozag.
  2490 | D:3      | Found a shadowy altar of Dithmenos.
  2496 | D:3      | Reached skill level 1 in Short Blades
  2584 | D:3      | XOM: silly message
  2697 | D:3      | Found a white marble altar of Elyvilon.
  2923 | D:3      | Noticed Jessica
  2929 | D:3      | Killed Jessica
  2930 | D:3      | Reached XP level 5. HP: 40/46 MP: 7/7
  3200 | D:3      | Found a glowing silver altar of Zin.
  3618 | D:3      | Found a faded altar of an unknown god.
  3818 | D:4      | XOM: smoke on damage
  3832 | D:4      | Reached XP level 6. HP: 44/53 MP: 7/9
  3903 | D:4      | XOM: 3-stop teleportation journey
  4243 | D:4      | XOM is BORED!
  4243 | D:4      | XOM: stat loss: -1 Str (14/15)
  4720 | D:5      | Entered Level 5 of the Dungeon
  4775 | D:5      | Noticed a sky beast
  4789 | D:5      | XOM: cast spell 'Metabolic Englaciation'
  4802 | D:5      | XOM: summons 2 friendly demons
  4813 | D:5      | Killed a sky beast
  4878 | D:5      | XOM is BORED!
  4878 | D:5      | XOM: torment (24/53 hp)
  5151 | D:5      | Your scales start taking on a dull iron-grey colour.
  5151 | D:5      | Reached XP level 7. HP: 30/60 MP: 9/11
  5303 | D:5      | XOM: god gift: leather armour {god gift}
  5446 | D:5      | Found Jennos's Book Shoppe.
  5665 | D:6      | Reached skill level 5 in Fighting
  5707 | D:6      | XOM: enchant monster (bad)
  5863 | D:6      | Reached skill level 5 in Short Blades
  5883 | D:6      | Identified the +6 flail "Byod Corass" {protect, rC+ Str+4
                  | Dex-2 Stlth+}
  5908 | D:6      | Found a staircase to the Ecumenical Temple.
  5953 | D:6      | Reached XP level 8. HP: 66/68 MP: 13/13
  6355 | D:6      | Reached skill level 1 in Maces & Flails
  6417 | D:6      | XOM: summons 4 hostile demons
  6834 | D:7      | Reached skill level 2 in Maces & Flails
  6999 | D:7      | Found Opnuir's Assorted Antiques.
  7087 | D:7      | XOM: blink monster(s)
  7129 | D:7      | Reached skill level 3 in Maces & Flails
  7189 | D:7      | Found a shimmering altar of Xom.
  7197 | D:7      | Reached skill level 5 in Dodging
  7200 | D:7      | XOM: summons friendly ufetubus
  7203 | D:7      | XOM: noise
  7204 | D:7      | Reached XP level 9. HP: 36/73 MP: 15/15
  7207 | D:7      | Reached skill level 4 in Maces & Flails
  7778 | D:7      | Reached skill level 5 in Maces & Flails
  7792 | D:7      | Noticed a deep elf pyromancer
  7793 | D:7      | Noticed a boulder beetle
  7793 | D:7      | Noticed a white ugly thing
  7800 | D:7      | XOM: cast spell 'Summon Ice Beast'
  7804 | D:7      | Reached skill level 5 in Spellcasting
  7810 | D:7      | Killed a white ugly thing
  7811 | D:7      | Reached skill level 6 in Maces & Flails
  7820 | D:7      | Killed a boulder beetle
  7821 | D:7      | Reached skill level 7 in Maces & Flails
  7822 | D:7      | Killed a deep elf pyromancer
  7823 | D:7      | Reached XP level 10. HP: 60/86 MP: 16/18
  8020 | D:7      | XOM: give mutation
  8020 | D:7      | Gained mutation: You have a somewhat thin skeletal
                  | structure. (Dex +2, Stealth+) [Xom's grace]
  8123 | D:7      | XOM: god gift: +0 kite shield of protection
  8137 | D:7      | Found an ancient bone altar of Kikubaaqudgha.
  8464 | D:8      | Learned a level 6 spell: Statue Form
  8486 | D:8      | XOM: fake destruction
  8493 | D:7      | XOM: summons 8 friendly demons
  8567 | D:6      | XOM: give mutation
  8567 | D:6      | Gained mutation: You are agile. (Dex +2) [Xom's grace]
  8701 | D:6      | XOM: give mutations
  8701 | D:6      | Gained mutation: You have a moderately thin skeletal
                  | structure. (Dex +4, Stealth++) [Xom's grace]
  8701 | D:6      | Gained mutation: Your spells are harder to cast, but more
                  | powerful. [Xom's grace]
  8701 | D:6      | Gained mutation: A frigid envelope surrounds you and
                  | freezes all who hurt you. [Xom's grace]
  8701 | D:6      | Gained mutation: Your flesh is very heat resistant. (rF++)
                  | [Xom's grace]
  9000 | D:8      | XOM: destruction
  9003 | D:8      | Reached skill level 1 in Shields
  9011 | D:8      | Reached skill level 1 in Earth Magic
  9098 | D:8      | Reached skill level 8 in Maces & Flails
  9129 | D:8      | XOM: give mutations
  9129 | D:8      | Gained mutation: Your tail ends in a poisonous barb. [Xom's
                  | grace]
  9129 | D:8      | Gained mutation: You have an increased reservoir of magic.
                  | (+10% MP) [Xom's grace]
  9244 | D:8      | Reached skill level 1 in Transmutations
  9256 | D:8      | XOM is BORED!
  9256 | D:8      | XOM: summons 2 hostile shadow creatures
  9468 | D:9      | Found a runed translucent gate.
  9468 | D:9      | Found a runed translucent gate.
  9468 | D:9      | Found a runed translucent gate.
  9469 | D:9      | Found an opulent altar of Gozag.
  9469 | D:9      | Noticed an obsidian statue
  9476 | D:9      | Found a staircase to the Orcish Mines.
  9488 | D:9      | XOM: 2-stop teleportation journey
  9690 | D:9      | XOM: silly message
  9728 | D:9      | XOM: cast spell 'Olgreb's Toxic Radiance'
  9760 | D:9      | Found a staircase to the Lair.
  9820 | D:9      | XOM: summons 2 friendly demons
 10009 | D:9      | XOM: cloud trail
 10127 | D:9      | Found a bloodstained altar of Trog.
 10173 | D:9      | XOM: cloud trail
 10195 | D:9      | Noticed UristMcRaven's ghost (novice OpCj)
 10218 | D:10     | Entered Level 10 of the Dungeon
 10274 | D:10     | Noticed Snorg
 10281 | D:10     | XOM: summons friendly shadow imp
 10284 | D:10     | Killed Snorg
 10299 | D:10     | XOM: scenery: 1 doors close
 10600 | D:10     | Noticed a deep elf pyromancer
 10609 | D:10     | Killed a deep elf pyromancer
 10609 | D:10     | XOM: divine lightning
 10647 | Orc:1    | Entered Level 1 of the Orcish Mines
 10773 | Orc:1    | XOM: chaos upgrade
 10774 | Orc:1    | Reached XP level 11. HP: 89/92 MP: 22/22
 10784 | Orc:1    | Cast into level 3 of the Abyss (Xom)
 10792 | Orc:1    | Escaped the Abyss
 11053 | D:9      | XOM: silly message
 11314 | Orc:1    | Found Xojickip's Book Emporium.
 11628 | Orc:2    | Entered Level 2 of the Orcish Mines
 11628 | Orc:2    | Noticed a two-headed ogre
 11693 | Orc:2    | Noticed an orc high priest
 11714 | Orc:1    | XOM: summons friendly ice devil
 11714 | Orc:1    | Slain by an ice devil

Illustrated notes

Levels and vault maps discovered:
D:1:      minmay_arrival_nine_rooms, layout_basic
D:2:      layout_basic, uniq_robin
D:3:      layout_loops_ring, mainiacjoe_overflow_alcove_2,
          mainiacjoe_overflow_surrounded_room, mainiacjoe_overflow_two_lobes,
          hellmonk_ecumenical_altar_inner_sanctum,
          hangedman_abyss_or_decor_lesser_grid, dk_noncrumbling_4,
          bh_walls_and_bars, uniq_jessica
D:4:      layout_basic, kennysheep_generic_room_7
D:5:      layout_cave_pools, serial_shops, nicolae_shop_window_shopping
D:6:      layout_rooms, minmay_temple_entry_offerings, grunt_ministairs_11,
          kennysheep_doodads
D:7:      minmay_chambers_of_sevens, layout_loops_ring, lemuel_crystal_altar,
          serial_shops, nicolae_diamond_shop, minmay_ruined_shrine
D:8:      layout_cave_pools, special_room [special_room_orc],
          columned_hall_lemuel, kennysheep_generic_room_11
D:9:      layout_roguey, kennysheep_mini_moat, dpeg_oklobed_lair,
          ebering_ghost_gozag
D:10:     layout_roguey, onia_ninara_dug_in_and_dangerous, uniq_snorg
Orc:1:    layout_caves, serial_shops, nicolae_square_shop
Orc:2:    grunt_orc_gardens, layout_diamond_mine, grunt_orc_garden,
          grunt_orc_garden, grunt_orc_garden, grunt_orc_garden, serial_shops,
          nicolae_shop_behind_doors

Skill      XL: |  1  2  3  4  5  6  7  8  9 10 11 |
---------------+----------------------------------+-----
Spellcasting   | 1 2 3 4 5 6 |  6.4
Fighting       | 4 5 7 |  7.6
Short Blades   | 1 2 4 5 6 |  6.1
Dodging        | 3 4 5 6 |  6.8
Maces & Flails | 3 7 8 |  8.6
Shields        | 3 |  3.9
Earth Magic    | 2 3 |  3.2
Transmutations | 2 |  2.5
Long Blades    | |  3.8
Evocations     | |  0.8

Action                   |  1- 3 |  4- 6 |  7- 9 | 10-12 || total
-------------------------+-------+-------+-------+-------++-------
Melee: Falchion          |    32 |       |       |       ||    32
       Tailslap          |    11 |    19 |    31 |    27 ||    88
       Short sword       |    87 |   193 |    99 |       ||   379
       Kick              |     6 |    34 |    69 |    67 ||   176
       Flail             |       |       |   156 |   184 ||   340
Evoke: Wand              |     1 |     4 |       |    10 ||    15
  Use: Scroll            |     2 |     8 |       |     2 ||    12
       Potion            |       |     5 |     4 |       ||     9
 Stab: Sleeping          |     2 |     3 |     2 |     6 ||    13
       Distracted        |       |       |       |     2 ||     2
Armor: Skin              |    45 |    54 |   158 |   122 ||   379
Dodge: Dodged            |    95 |   105 |   173 |   144 ||   517
Block: Kite shield       |       |       |       |   147 ||   147
       Rpst.: Falchion   |     6 |       |       |       ||     6

Table legend: (Time is in decaauts)
 A = Elapsed time spent in this place.
 B = Non-inter-level travel time spent in this place.
 C = Inter-level travel time spent in this place.
 D = Time resting spent in this place.
 E = Time spent auto-exploring this place.
 F = Levels seen in this place.
 G = Mean time per level.
                   A        B        C        D        E       F      G
               +--------+--------+--------+--------+--------+-----+--------+
         Total |  11759 |  11486 |    273 |   3071 |   6569 |  13 |  904.5 |
       Dungeon |  10933 |  10672 |    261 |   3071 |   6010 |  10 | 1093.3 |
  Orcish Mines |    818 |    807 |     11 |      0 |    559 |   2 |  409.0 |
         Abyss |      7 |      7 |      0 |      0 |      0 |   1 |    7.0 |
               +--------+--------+--------+--------+--------+-----+--------+

Top non-repeatable levels by time:
     D:7: 1633 daAuts
     D:3: 1445 daAuts
     D:6: 1432 daAuts
     D:1: 1267 daAuts
     D:9: 1028 daAuts
     D:2: 999 daAuts
     D:4: 993 daAuts
     D:5: 927 daAuts
   Orc:1: 800 daAuts
     D:8: 792 daAuts
    D:10: 414 daAuts
   Orc:2: 18 daAuts
 Abyss:3: 7 daAuts
